 Dungeon Crawl Stone Soup version 0.28-a0-265-g048bc9fd10 (webtiles) character file.

Game seed: 6492156369791780327

4 SeanNever the Covered (level 1, 0/20 HPs)
             Began as a Minotaur Fighter on Aug 27, 2021.
             Slain by a kobold (1 damage)
             ... on level 3 of the Dungeon.
             The game lasted 00:01:08 (287 turns).

SeanNever the Covered (Minotaur Fighter)             Turns: 287, Time: 00:01:08

Health: 0/20       AC:  7    Str: 20    XL:     1   Next: 50%
Magic:  0/0        EV:  7    Int:  5    God:
Gold:   11         SH:  8    Dex:  9    Spells: 0/0 levels left

rFire   . . .      SeeInvis .   a - +0 rapier
rCold   . . .      Faith    .   c - +0 kite shield
rNeg    . . .      Spirit   .   b - +0 scale mail
rPois   .          Reflect  .   (helmet restricted)
rElec   .          Harm     .   (no cloak)
rCorr   .          Rampage  .   (no gloves)
Will    .....                   (no boots)
Stlth   ..........              (no amulet)
HPRegen 0.06/turn               (no ring)
MPRegen 0.07/turn               (no ring)

@: no status effects
A: horns 2, retaliatory headbutt
a: no special abilities


You were on level 3 of the Dungeon.
You visited 1 branch of the dungeon, and saw 3 of its levels.

You collected 11 gold pieces.

Inventory:

Hand Weapons
 a - a +0 rapier (weapon)
Armour
 b - a +0 scale mail (worn)
 c - a +0 kite shield (worn)
Potions
 d - a potion of might
 e - a potion of lignification {unknown}


   Skills:
 + Level 3.6 Fighting
 + Level 2.2 Short Blades
 + Level 3.8 Armour
 + Level 3.7 Shields


You couldn't memorise any spells.
You didn't know any spells.
Your spell library was empty.

Dungeon Overview and Level Annotations

Branches:
Dungeon (3/15)

Altars:


Innate Abilities, Weirdness & Mutations

You have a pair of horns on your head.
You reflexively headbutt those who attack you in melee.


Message History

The hobgoblin hits you but does no damage.
The hobgoblin hits you but does no damage.
The hobgoblin hits you. You block the hobgoblin's attack.
Found 5 gold pieces.
The hobgoblin hits you but does no damage.
Found a stone staircase leading down.
You see here 5 gold pieces.
The hobgoblin barely misses you. You furiously retaliate!
You headbutt the hobgoblin!
You kill the hobgoblin!
You see here a hobgoblin corpse.
You now have 11 gold pieces (gained 5).
Found a green potion.
e - a green potion
There is a stone staircase leading down here.
You climb downwards.
The endoplasm quivers.
There is a stone staircase leading up here.
Found a stone staircase leading up.
A ball python and a kobold come into view.
Found 12 arrows.
The kobold shouts!
The ball python hisses angrily.
An iguana comes into view.
Found a stone staircase leading down.
The iguana hisses angrily.
Found a stone staircase leading up.
You closely miss the ball python. Your headbutt misses the ball python.
You block the ball python's attack. The ball python closely misses you.
The iguana bites you. You block the kobold's attack.
You puncture the ball python!
You kill the ball python!
The endoplasm freezes you.
You are frozen.
* * * LOW HITPOINT WARNING * * *
The iguana closely misses you. The kobold hits you but does no damage.
The iguana bites you.
* * * LOW HITPOINT WARNING * * *
The kobold hits you with a +0 whip.
You die...

..... .... ... ###
### ..## #..... #
.<# #.#.##.# #.#
#......#.
.#.#.##<####<#......
..>(...@J......#
.......Kl#.#.#.#
.........#.#.....
.........#.###.###
.........#.# .#
.........#.. .
............ #.
.###.######. .#


You could see an iguana, an endoplasm and a kobold.

Vanquished Creatures
  A hobgoblin (D:2)
  A kobold (D:2)
  A ball python (D:3)
  A frilled lizard (D:2)
4 creatures vanquished.

Notes
Turn   | Place    | Note
-------+----------+-------------------------------------------
     0 | D:1      | SeanNever the Minotaur Fighter began the quest for the Orb.
     0 | D:1      | Reached XP level 1. HP: 19/19 MP: 0/0
   283 | D:3      | Noticed an iguana
   287 | D:3      | HP: 1/20 [iguana (3)]
   287 | D:3      | Slain by a kobold

Illustrated notes

Levels and vault maps discovered:
D:1:      psy_arrival_radial02, layout_loops_corners, hangedman_decor_growths,
          kennysheep_doodads, minmay_pentomino_r4
D:2:      layout_loops_ring, shapermc_ecumenical_altar_mp_highgroup
D:3:      layout_loops_cross, gammafunk_ghost_smash, serial_shops, shop,
          nicolae_shop_competitors_out_of_business, nicolae_shop_crystal,
          roderic_serpentine_path, minmay_misc_feat_enclosed, serial_park_tiny_2

Action                   || total
-------------------------++-------
Melee: Rapier            ||     4
Armor: Scale mail        ||     9
Dodge: Dodged            ||     5
Block: Kite shield       ||    12

Table legend: (Time is in decaauts)
 A = Elapsed time spent in this place.
 B = Non-inter-level travel time spent in this place.
 C = Inter-level travel time spent in this place.
 D = Time resting spent in this place.
 E = Time spent auto-exploring this place.
 F = Levels seen in this place.
 G = Mean time per level.
                   A        B        C        D        E       F      G
               +--------+--------+--------+--------+--------+-----+--------+
         Total |    287 |    287 |      0 |      0 |      0 |   3 |   95.7 |
       Dungeon |    287 |    287 |      0 |      0 |      0 |   3 |   95.7 |
               +--------+--------+--------+--------+--------+-----+--------+

Top non-repeatable levels by time:
     D:2: 212 daAuts
     D:1: 67 daAuts
     D:3: 8 daAuts
